 Dungeon Crawl Stone Soup version 0.28-a0-1560-g060a6a1bfc (webtiles) character file.

Game seed: 17744860257792964402

9 BritishOli the Ducker (level 2, 22/22 HPs)
             Began as a Demonspawn Gladiator on Jan 19, 2022.
             Got out of the dungeon alive.
             The game lasted 00:00:32 (366 turns).

BritishOli the Ducker (Demonspawn Gladiator)         Turns: 366, Time: 00:00:33

Health: 22/22      AC:  4    Str: 14    XL:     2   Next: 6%
Magic:  2/2        EV: 12    Int:  9    God:
Gold:   0          SH:  0    Dex: 14    Spells: 1/1 levels left

rFire   . . .      SeeInvis .   a - +0 long sword
rCold   . . .      Faith    .   (no shield)
rNeg    . . .      Spirit   .   b - +0 leather armour
rPois   .          Reflect  .   c - +0 helmet
rElec   .          Harm     .   (no cloak)
rCorr   .          Rampage  .   (no gloves)
Will    .....                   (no boots)
Stlth   +.........              (no amulet)
HPRegen 0.07/turn               (no ring)
MPRegen 0.16/turn               (no ring)

@: no status effects
A: magic regeneration
a: no special abilities


You escaped.
You visited 1 branch of the dungeon, and saw 1 of its levels.

Inventory:

Hand Weapons
 a - a +0 long sword (weapon)
Missiles
 d - 3 throwing nets (quivered)
Armour
 b - a +0 leather armour (worn)
 c - a +0 helmet (worn)
Potions
 e - 2 potions of ambrosia {unknown}
 f - a potion of flight {unknown}


   Skills:
 + Level 2.1 Fighting
 + Level 2.8 Long Blades
 + Level 2.0 Throwing
 + Level 0.1 Armour
 + Level 2.8 Dodging


You had one spell level left.
You didn't know any spells.
Your spell library was empty.

Dungeon Overview and Level Annotations

Branches:
Dungeon (1/15)

Altars:


Innate Abilities, Weirdness & Mutations

You regenerate magic rapidly.


Message History

The bat hits you but does no damage. The bat closely misses you.
You barely miss the bat. The bat completely misses you.
The bat barely misses you.
A bat is nearby!
You miss the bat.
The bat barely misses you. x2; The bat hits you.
You slash the bat!
You kill the bat!
No target in view!
No target in view!
f - a red potion A dart slug comes into view.
A dart slug is nearby!
The dart slug launches a dart at you. The slug dart misses you.
A dart slug is nearby!
A dart slug is nearby!
The dart slug launches a dart at you. The slug dart misses you.
A dart slug is nearby!
A dart slug is nearby!
The dart slug closely misses you.
You hit the dart slug.
The dart slug is moderately wounded.
The dart slug completely misses you.
A dart slug is nearby!
A dart slug is nearby!
You hit the dart slug.
The dart slug is severely wounded.
The dart slug bites you but does no damage.
You hit the dart slug.
You kill the dart slug!
Your Throwing skill increases to level 2!
You have reached level 2!
Your demonic ancestry asserts itself...
Your magic begins to regenerate rapidly.
You see here a dart slug corpse.
You see here a jackal skeleton.
There is a staircase leading out of the dungeon here.
Are you sure you want to leave the Dungeon?
This will make you lose the game!
You have escaped!

#######.....# #.....#
. ####.....#
..##########..)....##
.............รท....#
#.........###....#####
#.........##..........
#...8.8...##.#########
####.@.#####.# #####
#.# #.# #.# #.# #.#


There were no monsters in sight!

Vanquished Creatures
  A dart slug (D:1)
  3 jackals (D:1)
  A bat (D:1)
  A kobold (D:1)
  2 rats (D:1)
8 creatures vanquished.

Notes
Turn   | Place    | Note
-------+----------+-------------------------------------------
     0 | D:1      | BritishOli the Demonspawn Gladiator began the quest for the
                  | Orb.
     0 | D:1      | Reached XP level 1. HP: 16/16 MP: 1/1
   344 | D:1      | Gained mutation: You regenerate magic rapidly. [demonic
                  | ancestry]
   344 | D:1      | Reached XP level 2. HP: 22/22 MP: 2/2
   366 | D:$      | Got out of the dungeon alive.

Illustrated notes

Levels and vault maps discovered:
D:1:      mrwooster_arrival_statue, layout_basic

Skill      XL: |  1 |
---------------+----+-----
Throwing       | 2 |  2.0
Fighting       | |  2.1
Long Blades    | |  2.8
Armour         | |  0.1
Dodging        | |  2.8

Action                   || total
-------------------------++-------
Melee: Long sword        ||    27
Armor: Leather armour    ||    14
Dodge: Dodged            ||    34

Table legend: (Time is in decaauts)
 A = Elapsed time spent in this place.
 B = Non-inter-level travel time spent in this place.
 C = Inter-level travel time spent in this place.
 D = Time resting spent in this place.
 E = Time spent auto-exploring this place.
 F = Levels seen in this place.
 G = Mean time per level.
                   A        B        C        D        E       F      G
               +--------+--------+--------+--------+--------+-----+--------+
         Total |    372 |    351 |     21 |    229 |     64 |   1 |  372.0 |
       Dungeon |    372 |    351 |     21 |    229 |     64 |   1 |  372.0 |
               +--------+--------+--------+--------+--------+-----+--------+

Top non-repeatable levels by time:
     D:1: 372 daAuts
